 Dungeon Crawl Stone Soup version 0.28.0-47-ge53b351184 (webtiles) character file.

Game seed: 8892592021922353131

533 pkoi the Chiller (level 6, -7/70 HPs)
             Began as a Demigod Ice Elementalist on May 7, 2022.
             Mangled by an ice beast (11 damage)
             ... on level 7 of the Dungeon.
             The game lasted 00:06:41 (6109 turns).

pkoi the Chiller (Demigod Ice Elementalist)         Turns: 6109, Time: 00:06:41

Health: -7/70      AC: 11    Str:  9    XL:     6   Next: 73%
Magic:  4/12       EV: 12    Int: 25    God:
Gold:   145        SH:  5    Dex: 14    Spells: 2/9 levels left

rFire   . . .      SeeInvis .   b - +1 short sword (venom)
rCold   . . .      Faith    .   (no shield)
rNeg    . . .      Spirit   .   a - +0 robe
rPois   .          Reflect  +   (no helmet)
rElec   .          Harm     .   j - +0 cloak
rCorr   .          Rampage  .   (no gloves)
Will    .....                   (no boots)
Stlth   ..........              c - amulet of reflection
HPRegen 0.21/turn               (no ring)
MPRegen 0.13/turn               (no ring)

@: berserking (expiring), ice-armoured, freezing walls, hasted, very quick
A: high MP 1, forlorn, divine attributes
a: no special abilities


You were on level 7 of the Dungeon.
You visited 1 branch of the dungeon, and saw 5 of its levels.

You collected 145 gold pieces.

Inventory:

Hand Weapons
 b - a +1 short sword of venom (weapon)
Armour
 a - a +0 robe (worn)
 j - a +0 cloak (worn)
Jewellery
 c - an amulet of reflection (around neck)
Wands
 i - a wand of digging (5)
Scrolls
 e - a scroll of fear
 f - a scroll of magic mapping
Potions
 d - 2 potions of berserk rage


   Skills:
 + Level 1.0 Fighting
 + Level 0.9 Armour
 + Level 2.1 Dodging
 - Level 1.7 Stealth
 + Level 2.1 Spellcasting
 * Level 7.3 Ice Magic


You had 2 spell levels left.
You knew the following spells:

 Your Spells              Type           Power      Damage    Failure   Level
a - Freeze                Ice            100%       1d11      1%          1
b - Frozen Ramparts       Ice            78%        1d9       1%          3
c - Ozocubu's Armour      Ice            39%        N/A       1%          3

Your spell library contained the following spells:

 Spells                   Type           Power      Damage    Failure   Level
 Hailstorm                Conj/Ice       20%        3d6       24%         4
 Ice Form                 Ice/Tmut       20%        N/A       24%         4
 Simulacrum               Ice/Necr       10%        N/A       98%         6


Dungeon Overview and Level Annotations

Branches:
Dungeon (4/15)
 Temple: D:4-7


Innate Abilities, Weirdness & Mutations

You have an increased reservoir of magic. (+10% MP)
You shall have no god before yourself.
Your divine heritage dramatically boosts your attributes as you level up.


Message History

The ice beast hits you.
* * * LOW HITPOINT WARNING * * *
The ice beast freezes you.
* * * LOW HITPOINT WARNING * * *
The howler monkey skeleton closely misses you.
You barely miss the ice beast.
The ice beast completely resists.
The wall freezes the ice beast but does no damage.
The ice beast hits you but does no damage.
Unknown command.
You feel better.
The howler monkey skeleton closely misses you.
The ice beast completely resists.
The wall freezes the ice beast but does no damage.
The ice beast hits you.
* * * LOW HITPOINT WARNING * * *
The ice beast freezes you!
* * * LOW HITPOINT WARNING * * *
A red film seems to cover your vision as you go berserk!
You feel yourself moving faster!
You feel mighty!
The howler monkey skeleton hits you but does no damage.
You hit the ice beast.
The ice beast is moderately wounded.
The ice beast completely resists.
The wall freezes the ice beast but does no damage.
You block the ice beast's attack.
The howler monkey skeleton closely misses you.
You puncture the ice beast!
The ice beast is severely wounded.
The ice beast completely resists.
The wall freezes the ice beast but does no damage.
The ice beast barely misses you.
You hit the ice beast.
The ice beast is almost dead.
The howler monkey skeleton closely misses you.
The ice beast completely resists.
The wall freezes the ice beast but does no damage.
The ice beast hits you.
* * * LOW HITPOINT WARNING * * *
The ice beast freezes you!
You die...

.. #########
....
#...@Y).#.....
+....Z)).......
#..............
#..............
#(.............
#..............
#..............
#........######
#........#


You could see an ice beast and a howler monkey skeleton.

Vanquished Creatures
  Sigmund (D:2)
  Crazy Yiuf (D:3)
  An orc priest (D:7)
  An iguana (D:3)
  Jessica (D:2)
  Ijyb (D:3)
  2 orc wizards (D:7)
  3 gnolls
  6 adders
  A worm (D:3)
  2 dart slugs
  3 orcs
  5 endoplasms
  6 giant cockroaches
  10 goblins
  9 hobgoblins
  6 jackals
  4 quokkas
  5 ball pythons
  6 bats
  5 frilled lizards
  8 kobolds
  7 rats
94 creatures vanquished.

Vanquished Creatures (others)
  7 fungi (D:3)
7 creatures vanquished.

Grand Total: 101 creatures vanquished

Notes
Turn   | Place    | Note
-------+----------+-------------------------------------------
     0 | D:1      | pkoi the Demigod Ice Elementalist began the quest for the
                  | Orb.
     0 | D:1      | Reached XP level 1. HP: 14/14 MP: 5/5
   207 | D:1      | Reached skill level 4 in Ice Magic
   553 | D:1      | Reached XP level 2. HP: 18/20 MP: 7/7
  1569 | D:2      | Reached XP level 3. HP: 18/26 MP: 8/8
  1774 | D:2      | Learned a level 3 spell: Frozen Ramparts
  1802 | D:2      | Noticed Jessica
  2025 | D:2      | Killed Jessica
  2026 | D:2      | Reached skill level 5 in Ice Magic
  2661 | D:2      | Noticed Sigmund
  2669 | D:2      | Killed Sigmund
  2670 | D:2      | Reached skill level 6 in Ice Magic
  2670 | D:2      | Reached XP level 4. HP: 26/33 MP: 2/9
  2670 | D:2      | Reached XP level 5. HP: 30/38 MP: 2/10
  3624 | D:3      | Learned a level 3 spell: Ozocubu's Armour
  3771 | D:3      | Reached XP level 6. HP: 45/45 MP: 11/11
  3916 | D:3      | Noticed Ijyb
  3929 | D:3      | Killed Ijyb
  3930 | D:3      | Reached skill level 7 in Ice Magic
  4617 | D:3      | Found a runed translucent door.
  4618 | D:3      | Noticed Crazy Yiuf
  4634 | D:3      | Killed Crazy Yiuf
  6088 | D:4      | You fall into a shaft and drop 3 floors!
  6097 | D:7      | Reached skill level 1 in Fighting
  6109 | D:7      | Mangled by an ice beast

Illustrated notes

Levels and vault maps discovered:
D:1:      onia_arrival_mini_spirals, layout_loops_cross,
          hellmonk_ecumenical_altar_blasted
D:2:      layout_rooms, grunt_decor_clamped, uniq_jessica, uniq_sigmund
D:3:      layout_basic, mainiacjoe_overflow_boulevard,
          kennysheep_generic_room_4, uniq_ijyb, uniq_crazy_yiuf_cottage
D:4:      layout_basic, dk_yredelemnul_ordeal
D:7:      layout_basic

Skill      XL: |  1  2  3  4  5  6 |
---------------+-------------------+-----
Ice Magic      | 4 6 7 |  7.3
Dodging        | 2 |  2.1
Spellcasting   | 2 |  2.1
Fighting       | 1 |  1.0
Armour         | |  0.9
Stealth        | |  1.7

Action                   |  1- 3 |  4- 6 || total
-------------------------+-------+-------++-------
Melee: Short sword       |   101 |   154 ||   255
       Unarmed           |     1 |       ||     1
       Punch             |     1 |     2 ||     3
 Cast: Freeze            |    10 |     1 ||    11
       Frozen Ramparts   |     1 |     3 ||     4
       Ozocubu's Armour  |       |     1 ||     1
  Use: Scroll            |     7 |     3 ||    10
       Potion            |       |     3 ||     3
 Stab: Sleeping          |     2 |     1 ||     3
Armor: Robe              |     8 |    27 ||    35
Dodge: Dodged            |    66 |    86 ||   152
Block: Other             |    19 |    48 ||    67
       Reflection        |     1 |     1 ||     2
